 Dungeon Crawl Stone Soup version 0.31-a0-1620-gcbf77bbcfc (webtiles) character file.

Game seed: 13721644188558049841

522 Laraso the Magician (level 7, 50/50 HPs)
             Began as a Green Draconian Fire Elementalist on Jan 12, 2024.
             Was an Initiate of Sif Muna.
             Quit the game on level 5 of the Dungeon.
             The game lasted 00:05:05 (4645 turns).

Laraso the Magician (DrFE)                          Turns: 4645, Time: 00:05:05

Health: 50/50      AC:  7    Str: 11    XL:     7   Next: 1%
Magic:  16/26      EV: 12    Int: 17    God:    Sif Muna [......]
Gold:   269        SH:  0    Dex: 11    Spells: 17/20 levels left

rFire   . . .        c - +1 spear (freeze)
rCold   . . .        m - orb {light}
rNeg    + . .        (body armour unavailable)
rPois   +            (helmet restricted)
rElec   .            k - +0 cloak
rCorr   .            (no gloves)
SInv    .            (no boots)
Will    .....        (no amulet)
Stlth   +            g - ring of positive energy
HPRegen 0.28/turn    j - ring of magical power
MPRegen 0.20/turn

%: no passive effects
@: glowing, studying Polearms
A: breathe noxious fumes, AC +6, unfitting armour, poison resistance,
cold-blooded
a: Breathe Noxious Fumes, Renounce Religion


You were on level 5 of the Dungeon.
You worshipped Sif Muna.
Sif Muna was noncommittal.
You visited 2 branches of the dungeon, and saw 6 of its levels.

You collected 269 gold pieces.

Inventory:

Hand Weapons
 c - a +1 spear of freezing (weapon)
Armour
 k - a +0 cloak (worn)
 m - an orb of light (worn)
Jewellery
 g - a ring of positive energy (left hand)
 j - a ring of magical power (right hand)
 s - an amulet of faith
Scrolls
 h - a scroll of immolation {unknown}
 i - a scroll of enchant armour
 l - a scroll of teleportation
 o - 3 scrolls of blinking {unknown}
 q - a scroll of brand weapon
Potions
 a - 2 potions of magic
 b - 3 potions of heal wounds
 d - a potion of cancellation {unknown}
 e - a potion of degeneration {unknown}
 f - a potion of ambrosia {unknown}
 n - a potion of curing {unknown}
 p - a potion of haste {unknown}
 r - a potion of mutation {unknown}


   Skills:
 - Level 1.7 Dodging
 - Level 1.7 Stealth
 * Level 7.1 Spellcasting
 - Level 1.0 Conjurations
 - Level 3.0 Fire Magic


You had 17 spell levels left.
You knew the following spells:

 Your Spells              Type           Power      Damage    Failure   Level
a - Foxfire               Conj/Fire      48%        2x1d6     4%          1
b - Scorch                Fire           32%        2d6       4%          2

Your spell library contained the following spells:

 Spells                   Type           Power      Damage    Failure   Level
 Sandblast                Erth           12%        2d6       12%         1
 Inner Flame              Hex/Fire       11%        N/A       19%         3
 Volatile Blastmotes      Fire/Tloc      22%        2d11      19%         3
 Stone Arrow              Conj/Erth      14%        3d7       28%         3
 Passwall                 Erth           6%         N/A       34%         3
 Flame Wave               Conj/Fire      12%        2d6       45%         4
 Brom's Barrelling Bould  Conj/Erth      7%         2d3       67%         4


Dungeon Overview and Level Annotations

Branches:
Dungeon (5/15)             Temple (1/1) D:4

Altars:
Ashenzari
Cheibriados
Dithmenos
Elyvilon
Fedhas
Gozag
Kikubaaqudgha
Makhleb
Nemelex Xobeh
Okawaru
Qazlal
Ru
Sif Muna
Trog
Vehumet
Yredelemnul
The Shining One


Innate Abilities, Weirdness & Mutations

You can breathe blasts of noxious fumes.
Your lurid green scales are hard. (AC +6)
You cannot fit into any form of body armour.
Your system is resistant to poisons. (rPois)
You are cold-blooded and may be slowed by cold attacks.


Message History

r - a clear potion You now have 269 gold pieces (gained 15).
s - an amulet of faith You see here 4 stones.
You open the door.
There is an open door here.
Done exploring.
Done exploring.
Done exploring.
Done exploring.
There is a stone staircase leading down here.
You see here a dart slug corpse.
You climb downwards.
The orc wizard shouts!
The orc shouts!
There is a stone staircase leading up here.
There are monsters nearby!
There are monsters nearby!
There are monsters nearby!
There are monsters nearby!
The orc shouts!
Flames lash the orc.
You kill the orc!
Sif Muna accepts your kill.
Flames lash the orc.
You kill the orc!
Sif Muna accepts your kill.
Flames lash the orc wizard.
The orc wizard is severely wounded.
The orc wizard's fire resistance burns away.
Flames lash the orc wizard.
The orc wizard is burned terribly!
The orc wizard is almost dead.
Flames lash the orc wizard.
The orc wizard is burned terribly!
You kill the orc wizard!
Sif Muna accepts your kill.
You have reached level 7!
Your scales start taking on a lurid green colour.
You learn Alchemy much quicker.
You can breathe blasts of noxious fumes.
You feel resistant to poisons.
Are you sure you want to abandon this character and quit the game? (Confirm with "yes".)

### #...#
...####...#
..........#
........#
...)...#
#..)..#
##..)..#
#...@..#
########


There were no monsters in sight!

Vanquished Creatures
  Sigmund (D:2)
  An ogre (D:3)
  A scorpion (D:4)
  An orc priest (D:4)
  An iguana (D:4)
  Terence (D:2)
  An orc wizard (D:5)
  3 adders
  4 dart slugs
  3 ribbon worms
  2 orcs (D:5)
  5 ball pythons
  9 endoplasms
  3 giant cockroaches
  4 goblins
  8 hobgoblins
  2 jackals (D:1)
  4 kobolds
  4 bats
  A frilled lizard (D:2)
  6 rats
65 creatures vanquished.

Vanquished Creatures (others)
  25 foxfires
25 creatures vanquished.

Grand Total: 90 creatures vanquished

Notes
Turn   | Place    | Note
-------+----------+-------------------------------------------
     0 | D:1      | Laraso the Draconian Fire Elementalist began the quest for
                  | the Orb.
     0 | D:1      | Reached XP level 1. HP: 14/14 MP: 3/3
   251 | D:1      | Reached XP level 2. HP: 20/20 MP: 2/5
   475 | D:1      | Learned a level 2 spell: Scorch
   609 | D:1      | Reached skill level 3 in Spellcasting
   855 | D:2      | Noticed Sigmund
  1067 | D:2      | Reached XP level 3. HP: 26/26 MP: 0/7
  1169 | D:2      | Found a sacrificial altar of Ru.
  1361 | D:2      | Noticed Terence
  1944 | D:3      | Reached skill level 4 in Spellcasting
  2271 | D:3      | Noticed an ogre
  2277 | D:3      | Killed an ogre
  2278 | D:3      | Reached skill level 5 in Spellcasting
  2278 | D:3      | Reached XP level 4. HP: 17/33 MP: 7/11
  2278 | D:3      | Reached XP level 5. HP: 20/38 MP: 7/12
  2395 | D:3      | Found an ancient bone altar of Kikubaaqudgha.
  2468 | D:3      | Found a faded altar of an unknown god.
  3066 | D:3      | Found a blossoming altar of Fedhas.
  3335 | D:2      | Killed Terence
  3440 | D:2      | Killed Sigmund
  3441 | D:2      | Reached skill level 6 in Spellcasting
  3441 | D:2      | Reached XP level 6. HP: 35/45 MP: 9/15
  4054 | D:4      | Found a staircase to the Ecumenical Temple.
  4159 | Temple   | Entered the Ecumenical Temple
  4193 | Temple   | Became a worshipper of Sif Muna the Loreminder
  4471 | D:4      | Reached skill level 7 in Spellcasting
  4637 | D:5      | Entered Level 5 of the Dungeon
  4645 | D:5      | Your scales start taking on a lurid green colour.
  4645 | D:5      | Reached XP level 7. HP: 50/50 MP: 16/17
  4645 | D:5      | Gained mutation: Your system is resistant to poisons.
                  | (rPois) [Green Draconian growth]
  4645 | D:5      | Quit the game

Illustrated notes

Levels and vault maps discovered:
D:1:      spicycebolla_arrival_xxxplode, layout_rooms
D:2:      minmay_wonky_spiral, layout_basic, basic_altar, uniq_sigmund,
          uniq_terence
D:3:      layout_basic, mainiacjoe_overflow_concentric_impassable,
          general_overflow_altar, hellmonk_ecumenical_altar_leap_of_faith
D:4:      layout_basic, minmay_temple_entry_proselytizer
D:5:      layout_gridville, nicolae_ru_great_annihilating_truth,
          minmay_misc_feat_iff, kennysheep_generic_room_6
Temple:   nicolae_temple_great_sept

Skill      XL: |  1  2  3  4  5  6 |
---------------+-------------------+-----
Spellcasting   | 3 5 6 7 |  7.1
Dodging        | |  1.7
Stealth        | |  1.7
Conjurations   | |  1.0
Fire Magic     | |  3.0

Action                     |  1- 3 |  4- 6 |  7- 9 || total
---------------------------+-------+-------+-------++-------
  Melee: Unarmed           |    37 |       |       ||    37
         Tailslap          |     8 |       |       ||     8
         Punch             |     3 |       |       ||     3
         Dagger            |    23 |       |       ||    23
         Spear             |       |     7 |       ||     7
   Cast: Foxfire           |    15 |     3 |       ||    18
         Scorch            |    38 |    48 |       ||    86
    Use: Scroll            |     4 |     4 |       ||     8
         Potion            |     1 |       |       ||     1
   Stab: Sleeping          |     2 |     1 |       ||     3
 Armour: Skin              |    45 |    11 |       ||    56
  Dodge: Dodged            |    50 |    12 |       ||    62

Table legend: (Time is in decaauts)
 A = Elapsed time spent in this place.
 B = Non-inter-level travel time spent in this place.
 C = Inter-level travel time spent in this place.
 D = Time resting spent in this place.
 E = Time spent auto-exploring this place.
 F = Levels seen in this place.
 G = Mean time per level.
                   A        B        C        D        E       F      G
               +--------+--------+--------+--------+--------+-----+--------+
         Total |   4648 |   4298 |    350 |    824 |   2882 |   6 |  774.7 |
       Dungeon |   4603 |   4272 |    331 |    824 |   2858 |   5 |  920.6 |
        Temple |     44 |     25 |     19 |      0 |     24 |   1 |   44.0 |
               +--------+--------+--------+--------+--------+-----+--------+

Top non-repeatable levels by time:
     D:3: 1539 daAuts
     D:2: 1494 daAuts
     D:1: 1028 daAuts
     D:4: 533 daAuts
  Temple: 44 daAuts
     D:5: 7 daAuts
